 Dungeon Crawl Stone Soup version 0.16.2-12-gd0ad4c3 (webtiles) character file.

101 dvd the Sneak (level 4, 0/21 HPs)
             Began as a Spriggan Enchanter on Nov 1, 2015.
             Succumbed to an adder's poison
             ... on level 3 of the Dungeon.
             The game lasted 00:18:38 (3596 turns).

dvd the Sneak (Spriggan Enchanter)                  Turns: 3596, Time: 00:18:39

Health: 0/21       AC:  3    Str:  4    XL:     4   Next: 48%
Magic:  12/14      EV: 18    Int: 22    God:
Gold:   155        SH:  0    Dex: 16    Spells: 4 memorised, 2 levels left

rFire  . . .     SeeInvis +     t - +3 short sword (speed)
rCold  . . .     Clarity  +     b - +1 robe
rNeg   . . .     SustAb   .     (shield restricted)
rPois  .         Gourm    .     (helmet restricted)
rElec  .         Spirit   .     (no cloak)
rCorr  .         Warding  .     (gloves unavailable)
rMut   .         Stasis   .     (boots unavailable)
MR     .....                    x - amulet of clarity
Stlth  ++++......               (no ring)
                                n - ring of stealth

@: brilliant, lethally poisoned (0 -> -3), very slightly contaminated, very
quick, not resistant to hostile enchantments, stealthy
A: unfitting armour, see invisible, herbivore 3, speed 3, slow metabolism 2
a: no special abilities


You were on level 3 of the Dungeon.
You were full.

You visited 1 branch of the dungeon, and saw 3 of its levels.

You collected 155 gold pieces.

Inventory:

Hand weapons
 j - a cursed -1 hunting sling
 t - a +3 short sword of speed (weapon)
 w - a cursed -2 rapier
 A - a +0 blowgun
Missiles
 v - 10 tomahawks (quivered)
 z - 8 stones
 B - 12 poisoned needles
Armour
 b - a +1 robe (worn)
Jewellery
 n - a ring of stealth (left hand)
 x - an amulet of clarity (around neck)
Scrolls
 a - a scroll of teleportation {unknown}
 f - 2 scrolls of recharging {unknown}
 m - 3 scrolls of identify {unknown}
 r - a scroll of enchant armour {unknown}
 s - a scroll of amnesia {unknown}
 u - 3 scrolls of remove curse {unknown}
 y - 2 scrolls of fear {unknown}
Potions
 e - a potion of brilliance
 g - a potion of might {unknown}
 h - 2 potions of magic {unknown}
 i - a potion of curing {unknown}
 k - a potion of restore abilities {unknown}
 l - a potion of heal wounds {unknown}
 o - a potion of degeneration {unknown}
 q - a potion of experience {unknown}
Books
 c - a book of Maledictions

   Spells                             Type                      Level
   a - Corona                         Hexes                        1
   b - Sure Blade                     Hexes/Charms                 2
   c - Ensorcelled Hibernation        Hexes/Ice                    2
   d - Confuse                        Hexes                        3
   e - Dazzling Spray                 Conjuration/Hexes            3
   f - Enslavement                    Hexes                        4
Comestibles
 d - a bread ration
 p - 4 fruits


   Skills:
 + Level 1.2 Short Blades
 + Level 3.4 Dodging
 + Level 5.5 Stealth
 + Level 3.7 Spellcasting
 + Level 4.4 Hexes
 + Level 0.4 Charms
 + Level 1.1 Ice Magic


You had 2 spell levels left.
You knew the following spells:

 Your Spells              Type           Power        Failure   Level  Hunger
a - Corona                Hex            #####..      1%          1    None
b - Ensorcelled Hibernat  Hex/Ice        ####..       1%          2    #......
c - Sure Blade            Hex/Chrm       ####......   1%          2    #......
d - Confuse               Hex            #####...     1%          3    ###....


Dungeon Overview and Level Annotations

Branches:
Dungeon (3/15)

Altars:
Qazlal
Ru
Yredelemnul


Innate Abilities, Weirdness & Mutations

You are tiny and cannot use many weapons and most armour.
You have supernaturally acute eyesight.
You are a herbivore.
You cover ground extremely quickly.
You need consume almost no food.


Message History

Confirm with . or Enter, or press ? or * to list all spells.
Okay, then.
You feel sick.
You feel sick.
You feel sick.
The gnoll shouts! x2
You feel sick.
The gnoll shouts!
The gnoll hits you from afar with a spear.
The gnoll throws a stone.
The stone hits you but does no damage.
The gnoll hits you from afar with a spear!
* * * LOW HITPOINT WARNING * * *
You see here a stone.
The gnoll throws a stone.
The stone hits you.
* * * LOW HITPOINT WARNING * * *
You see here a stone.
Drink which item? (? for menu, Esc to quit)
It was a potion of brilliance.
You feel clever all of a sudden.
You die...

..#######.#.<.######.######.#####
....#..<....### #.# ##......
.##...####.## #.# #......#
.##..####..# ###.# ##.....##
#P##...##.### ##...####...##.#.
.#####......## ##....#...........
#.#####.###..# #.......#.##.##.##
.###.##.###..###......#..##.##.#
P.P#.##.##....#.@(...>..###.#..#
^.P#..#.#.............### ..#.##
_.^##.#)##....g(.....####.###.#
..P##.).###.....S....#....###.#
PP.##..##....(.........# #..# #
######.##.###g#..#.....### #†## #
# #....# #.#g...###...###.#### ##
#....# #.#K#...#..#.........
.#####.#.####.#.###...........###


You could see 3 gnolls, an adder and a kobold.

Vanquished Creatures
  3 adders
  2 worms (D:3)
  2 giant geckos
  An ooze (D:2)
  3 orcs (D:3)
  2 giant cockroaches
  3 hobgoblins
  6 jackals (D:3)
  10 bats
  2 giant newts
  5 goblins
  11 kobolds
  6 rats
56 creatures vanquished.

Notes
Turn   | Place    | Note
--------------------------------------------------------------
     0 | D:1      | dvd, the Spriggan Enchanter, began the quest for the Orb.
     0 | D:1      | Reached XP level 1. HP: 9/9 MP: 4/4
   155 | D:1      | Reached XP level 2. HP: 13/13 MP: 1/8
   215 | D:1      | Learned a level 2 spell: Ensorcelled Hibernation
   218 | D:1      | Learned a level 2 spell: Sure Blade
   885 | D:2      | Found a stormy altar of Qazlal.
   962 | D:2      | Found a basalt altar of Yredelemnul.
  1404 | D:2      | Reached XP level 3. HP: 14/16 MP: 0/11
  2196 | D:3      | Reached skill level 5 in Stealth
  2313 | D:3      | Learned a level 3 spell: Confuse
  2352 | D:3      | Noticed an ogre
  2603 | D:3      | Found a sacrificial altar of Ru.
  2649 | D:3      | Reached XP level 4. HP: 21/21 MP: 5/14
  2863 | D:3      | Reached skill level 1 in Ice Magic
  3595 | D:3      | HP: 1/21 [gnoll/stone (2)]
  3596 | D:3      | Succumbed to an adder's poison

Action                   |  1- 3 |  4- 6 || total
-------------------------+-------+-------++-------
Melee: Dagger            |    72 |       ||    72
       Short sword       |     8 |    35 ||    43
 Cast: Corona            |    10 |       ||    10
       Ensorcelled Hiber |    36 |    23 ||    59
       Sure Blade        |     6 |     3 ||     9
  Use: Potion            |       |     1 ||     1
 Stab: Sleeping          |    33 |     8 ||    41
  Eat: Royal jelly       |     1 |       ||     1
       Bread ration      |       |     1 ||     1
       Fruit             |       |     1 ||     1
